TOP OF THE 1ST |
Birmingham Steeldogs batting - Pitching for Hendersonville Hitmen : RHP Samuel Émond
|
Pitching: RHP Samuel Émond
|
|
Batting: LHB Glenn Garrett
|
0-0: Ball 1-0: Ball 2-0: Foul Ball, location: 2F 2-1: Swinging Strike 2-2: Foul Ball, location: 2F 2-2: Ball 3-2: Foul Ball, location: 2F 3-2: Strikes out swinging
|
Batting: LHB Mitchell Oglethorpe
|
0-0: Called Strike 0-1: Ball 1-1: Ground out 4-3 (Groundball, 4M)
|
Batting: LHB Chris Miller
|
0-0: Ball 1-0: DOUBLE (Line Drive, 89XD)
|
Batting: LHB Arturo Molina
|
0-0: Ball 1-0: Ball 2-0: Ball 3-0: Called Strike 3-1: Base on Balls
|
Batting: SHB Jesús Ramírez
|
0-0: Ball 1-0: Ball 2-0: Ground out U3 (Groundball, 3S)
|
Top of the 1st over - 0 run(s), 1 hit(s), 0 error(s), 2 left on base; Birmingham 0 - Hendersonville 0 |
BOTTOM OF THE 1ST |
Hendersonville Hitmen batting - Pitching for Birmingham Steeldogs : RHP Albert Gonzáles
|
Pitching: RHP Albert Gonzáles
|
|
Batting: RHB Carlos García
|
0-0: Swinging Strike 0-1: Ball 1-1: Swinging Strike 1-2: Foul Ball, location: 2F 1-2: Strikes out looking
|
Batting: RHB Rafael González
|
0-0: SINGLE (Groundball, 34D)
|
Batting: LHB Lorenzo Villa
|
0-0: Called Strike 0-1: Ball 1-1: Ground out 4-3 (Groundball, 4) Rafael González to second
|
Batting: RHB Manolo Román
|
0-0: Ball 1-0: Called Strike 1-1: Foul Ball, location: 2F 1-2: Ground out 6-3 (Groundball, 6)
|
Bottom of the 1st over - 0 run(s), 1 hit(s), 0 error(s), 1 left on base; Birmingham 0 - Hendersonville 0 |
TOP OF THE 2ND |
Birmingham Steeldogs batting - Pitching for Hendersonville Hitmen : RHP Samuel Émond
|
Batting: LHB Ben Kelley
|
0-0: Ball 1-0: Ball 2-0: Ground out 3-1 (Groundball, 34)
|
Batting: RHB Mario Hernández
|
0-0: Called Strike 0-1: Foul Ball, location: 2F 0-2: Ball 1-2: Ground out 6-3 (Groundball, 6)
|
Batting: SHB John Miller
|
0-0: Called Strike 0-1: Ball 1-1: Called Strike 1-2: Foul Ball, location: 2F 1-2: Foul Ball, location: 2F 1-2: Ball 2-2: Strikes out swinging wild pitch, reaches first!
|
Batting: RHB Paço Ttes
|
0-0: Foul Ball, location: 2F 0-1: SINGLE (Line Drive, 9S) John Miller to second
|
Batting: LHB Glenn Garrett
|
0-0: Ball 1-0: Called Strike 1-1: Ball 2-1: Ball 3-1: Fly out, F7 (Flyball, 7M)
|
Top of the 2nd over - 0 run(s), 1 hit(s), 0 error(s), 2 left on base; Birmingham 0 - Hendersonville 0 |
BOTTOM OF THE 2ND |
Hendersonville Hitmen batting - Pitching for Birmingham Steeldogs : RHP Albert Gonzáles
|
Batting: LHB Terry White
|
0-0: Called Strike 0-1: Called Strike 0-2: Ball 1-2: Strikes out swinging
|
Batting: SHB Tony López
|
0-0: Ball 1-0: Fly out, F2 (Popup, 23F)
|
Batting: LHB Jerry Johnston
|
0-0: Called Strike 0-1: Swinging Strike 0-2: Strikes out swinging
|
Bottom of the 2nd over - 0 run(s), 0 hit(s), 0 error(s), 0 left on base; Birmingham 0 - Hendersonville 0 |
TOP OF THE 3RD |
Birmingham Steeldogs batting - Pitching for Hendersonville Hitmen : RHP Samuel Émond
|
Batting: LHB Mitchell Oglethorpe
|
0-0: Ball 1-0: Called Strike 1-1: SINGLE (Groundball, 56D)
|
Batting: LHB Chris Miller
|
0-0: SINGLE (Groundball, 15S) (infield hit) Mitchell Oglethorpe to second
|
Batting: LHB Arturo Molina
|
0-0: Foul Ball, location: 2F 0-1: Ball 1-1: Swinging Strike 1-2: Foul Ball, location: 2F 1-2: Ball 2-2: Fly out, F8 (Flyball, 8LD) Runner from 2nd tags up, SAFE at 3rd, no throw
|
Batting: SHB Jesús Ramírez
|
0-0: Ball 1-0: Called Strike 1-1: Ball 2-1: Ball 3-1: Base on Balls Chris Miller to second
|
Batting: LHB Ben Kelley
|
0-0: Ball 1-0: Foul Ball, location: 2F 1-1: Ball 2-1: Swinging Strike 2-2: Strikes out looking
|
Batting: RHB Mario Hernández
|
0-0: Called Strike 0-1: Foul Ball, location: 2F 0-2: Ball 1-2: Ball 2-2: SINGLE (Flyball, 8LS) Mitchell Oglethorpe scores Chris Miller to third Jesús Ramírez to second Runner from 3rd tries for Home, SAFE, no throw or cutoff
|
Batting: SHB John Miller
|
0-0: Called Strike 0-1: Ball 1-1: Fly out, F7 (Line Drive, 7M)
|
Top of the 3rd over - 2 run(s), 3 hit(s), 0 error(s), 2 left on base; Birmingham 2 - Hendersonville 0 |
|
|
BOTTOM OF THE 3RD |
Hendersonville Hitmen batting - Pitching for Birmingham Steeldogs : RHP Albert Gonzáles
|
Batting: RHB Robert Buckley
|
0-0: Called Strike 0-1: Ball 1-1: Swinging Strike 1-2: Foul Ball, location: 2F 1-2: Foul Ball, location: 2F 1-2: Ball 2-2: Foul Ball, location: 2F 2-2: Foul Ball, location: 2F 2-2: Foul Ball, location: 2F 2-2: Ground out 4-3 (Groundball, 4)
|
Batting: RHB Taylor McFarland
|
0-0: Swinging Strike 0-1: Ground out 4-3 (Groundball, 4)
|
Batting: RHB Carlos García
|
0-0: Ball 1-0: Ball 2-0: Ball 3-0: Base on Balls
|
Batting: RHB Rafael González
|
0-0: Ball 1-0: Ground out 6-3 (Groundball, 6)
|
Bottom of the 3rd over - 0 run(s), 0 hit(s), 0 error(s), 1 left on base; Birmingham 2 - Hendersonville 0 |
TOP OF THE 4TH |
Birmingham Steeldogs batting - Pitching for Hendersonville Hitmen : RHP Samuel Émond
|
Batting: RHB Paço Ttes
|
0-0: Foul Ball, location: 2F 0-1: Ball 1-1: Foul Ball, location: 2F 1-2: Reached on error, E6 (Groundball, 6M)
|
Pitching: RHP Jorge Pérez
|
|
Batting: LHB Glenn Garrett
|
0-0: Fielders Choice at 2nd, 4-6 (Groundball, 4D)
|
Batting: LHB Mitchell Oglethorpe
|
0-0: Swinging Strike 0-1: Swinging Strike 0-2: Ball 1-2: Ball 2-2: Ball 3-2: Foul Ball, location: 2F 3-2: Foul Ball, location: 2F 3-2: Strikes out looking Glenn Garrett is caught stealing 2nd base Batter strikes out.
|
Top of the 4th over - 0 run(s), 0 hit(s), 1 error(s), 0 left on base; Birmingham 2 - Hendersonville 0 |
BOTTOM OF THE 4TH |
Hendersonville Hitmen batting - Pitching for Birmingham Steeldogs : RHP Albert Gonzáles
|
Batting: LHB Lorenzo Villa
|
0-0: Ball 1-0: Ball 2-0: Reached on Error, E7 (Flyball, 7M)
|
Batting: RHB Manolo Román
|
0-0: Called Strike 0-1: Ball 1-1: Ball 2-1: Ball 3-1: Called Strike 3-2: Fly out, F9 (Flyball, 9D)
|
Batting: LHB Terry White
|
0-0: 2-RUN HOME RUN (Flyball, 9D), Distance : 406 ft
|
Batting: SHB Tony López
|
0-0: Called Strike 0-1: Foul Ball, location: 2F 0-2: SINGLE (Groundball, 34)
|
Batting: LHB Jerry Johnston
|
0-0: Ball 1-0: Ball 2-0: Called Strike Tony López steals 2nd base 2-1: Ball 3-1: Ground out 4-3 (Groundball, 34) Tony López to third
|
Batting: RHB Robert Buckley
|
0-0: Ball 1-0: Ball 2-0: Called Strike 2-1: Foul Ball, location: 2F 2-2: Ball 3-2: Foul Ball, location: 2F 3-2: Reached on error, E5 (Groundball, 56) Tony López scores
|
Batting: RHB Taylor McFarland
|
0-0: Ball 1-0: Foul Ball, location: 2F 1-1: Foul Ball, location: 2F 1-2: Strikes out swinging
|
Bottom of the 4th over - 3 run(s), 2 hit(s), 2 error(s), 1 left on base; Birmingham 2 - Hendersonville 3 |
TOP OF THE 5TH |
Birmingham Steeldogs batting - Pitching for Hendersonville Hitmen : RHP Jorge Pérez
|
Batting: LHB Chris Miller
|
0-0: Called Strike 0-1: Swinging Strike 0-2: Ball 1-2: Strikes out swinging
|
Batting: LHB Arturo Molina
|
0-0: Ball 1-0: Ball 2-0: Ball 3-0: Base on Balls
|
Batting: SHB Jesús Ramírez
|
0-0: Fielders Choice at 2nd, 1-4 (Groundball, 15S)
|
Batting: LHB Ben Kelley
|
0-0: Ball 1-0: Called Strike Jesús Ramírez steals 2nd base 1-1: Foul Ball, location: 2F 1-2: Ball 2-2: Fly out, F8 (Flyball, 8RD)
|
Top of the 5th over - 0 run(s), 0 hit(s), 0 error(s), 1 left on base; Birmingham 2 - Hendersonville 3 |
BOTTOM OF THE 5TH |
Hendersonville Hitmen batting - Pitching for Birmingham Steeldogs : RHP Albert Gonzáles
|
Batting: RHB Carlos García
|
0-0: Called Strike 0-1: Foul Ball, location: 2F 0-2: Ball 1-2: Foul Ball, location: 2F 1-2: Ball 2-2: Ball 3-2: Ground out 4-3 (Groundball, 4)
|
Batting: RHB Rafael González
|
0-0: DOUBLE (Line Drive, 7LM)
|
Batting: LHB Lorenzo Villa
|
0-0: Ball 1-0: Called Strike 1-1: Ball 2-1: Foul Ball, location: 2F 2-2: Ground out 4-3 (Groundball, 34) Rafael González to third
|
Batting: RHB Manolo Román
|
0-0: Ball 1-0: Foul Ball, location: 2F 1-1: Ball 2-1: Foul Ball, location: 2F 2-2: Foul Ball, location: 2F 2-2: Foul Ball, location: 2F 2-2: Foul Ball, location: 2F 2-2: Foul Ball, location: 2F 2-2: DOUBLE (Line Drive, 7LM) Rafael González scores
|
Batting: LHB Terry White
|
0-0: Ball 1-0: Fly out, F7 (Flyball, 78M)
|
Bottom of the 5th over - 1 run(s), 2 hit(s), 0 error(s), 1 left on base; Birmingham 2 - Hendersonville 4 |
TOP OF THE 6TH |
Birmingham Steeldogs batting - Pitching for Hendersonville Hitmen : RHP Jorge Pérez
|
Batting: RHB Mario Hernández
|
0-0: Ball 1-0: Ground out 6-3 (Groundball, 6)
|
Batting: SHB John Miller
|
0-0: Called Strike 0-1: Ball 1-1: Ball 2-1: Foul Ball, location: 2F 2-2: Ball 3-2: Base on Balls
|
Batting: RHB Paço Ttes
|
0-0: Called Strike 0-1: DOUBLE (Flyball, 78D) John Miller to third Runner from 3rd tries for Home, SAFE, no throw or cutoff
|
Batting: LHB Glenn Garrett
|
0-0: Ball 1-0: Called Strike 1-1: Ball 2-1: DOUBLE (Line Drive, 9LS) Paço Ttes scores
|
Batting: LHB Mitchell Oglethorpe
|
0-0: Ball 1-0: Called Strike 1-1: Ball 2-1: Called Strike 2-2: Foul Ball, location: 2F 2-2: Fly out, F2 (Popup, 5SF)
|
Batting: LHB Chris Miller
|
0-0: Called Strike 0-1: DOUBLE (Line Drive, 89D) Glenn Garrett scores
|
Pitching: LHP Alfonso Ramos
|
|
Batting: LHB Arturo Molina
|
0-0: Called Strike 0-1: Swinging Strike 0-2: Strikes out swinging
|
Top of the 6th over - 3 run(s), 3 hit(s), 0 error(s), 1 left on base; Birmingham 5 - Hendersonville 4 |
BOTTOM OF THE 6TH |
Hendersonville Hitmen batting - Pitching for Birmingham Steeldogs : RHP Albert Gonzáles
|
Pitching: RHP Pete Cook
|
|
Batting: SHB Tony López
|
0-0: SINGLE (Line Drive, 7LM)
|
Batting: LHB Jerry Johnston
|
0-0: Called Strike Tony López steals 2nd base 0-1: 2-RUN HOME RUN (Flyball, 78XD), Distance : 420 ft
|
Batting: RHB Robert Buckley
|
0-0: Called Strike 0-1: Fly out, F9 (Line Drive, 9LS)
|
Batting: RHB Taylor McFarland
|
0-0: Ground out 4-3 (Groundball, 4M)
|
Batting: RHB Carlos García
|
0-0: Ball 1-0: Ball 2-0: Ground out 5-3 (Groundball, 56)
|
Bottom of the 6th over - 2 run(s), 2 hit(s), 0 error(s), 0 left on base; Birmingham 5 - Hendersonville 6 |
TOP OF THE 7TH |
Birmingham Steeldogs batting - Pitching for Hendersonville Hitmen : LHP Alfonso Ramos
|
Batting: SHB Jesús Ramírez
|
0-0: Called Strike 0-1: Ball 1-1: Called Strike 1-2: Strikes out swinging
|
Batting: LHB Ben Kelley
|
0-0: Called Strike 0-1: Called Strike 0-2: Foul Ball, location: 2F 0-2: Fly out, F7 (Flyball, 7LS)
|
Batting: RHB Mario Hernández
|
0-0: Foul Ball, location: 2F 0-1: Called Strike 0-2: Ball 1-2: Strikes out swinging
|
Top of the 7th over - 0 run(s), 0 hit(s), 0 error(s), 0 left on base; Birmingham 5 - Hendersonville 6 |
BOTTOM OF THE 7TH |
Hendersonville Hitmen batting - Pitching for Birmingham Steeldogs : RHP Pete Cook
|
Batting: RHB Rafael González
|
0-0: Called Strike 0-1: Ball 1-1: Ball 2-1: Foul Ball, location: 2F 2-2: Ground out 5-3 (Groundball, 56)
|
Batting: LHB Lorenzo Villa
|
0-0: Called Strike 0-1: Ball 1-1: Ball 2-1: Ball 3-1: Base on Balls
|
Batting: RHB Manolo Román
|
0-0: SINGLE (Line Drive, 7LM) Lorenzo Villa to second
|
Batting: LHB Terry White
|
0-0: Foul Ball, location: 2F 0-1: Swinging Strike 0-2: Strikes out swinging
|
Batting: SHB Tony López
|
0-0: Ball 1-0: Ball 2-0: Ball 3-0: Ground out 5-3 (Groundball, 5D)
|
Bottom of the 7th over - 0 run(s), 1 hit(s), 0 error(s), 2 left on base; Birmingham 5 - Hendersonville 6 |
TOP OF THE 8TH |
Birmingham Steeldogs batting - Pitching for Hendersonville Hitmen : LHP Alfonso Ramos
|
Batting: SHB John Miller
|
0-0: Ball 1-0: Swinging Strike 1-1: Foul Ball, location: 2F 1-2: Strikes out swinging
|
Pitching: RHP Héctor Reyes
|
|
Batting: RHB Paço Ttes
|
0-0: Swinging Strike 0-1: Ground out 5-3 (Groundball, 5S)
|
Batting: LHB Glenn Garrett
|
0-0: Ball 1-0: Ground out 4-3 (Groundball, 4)
|
Top of the 8th over - 0 run(s), 0 hit(s), 0 error(s), 0 left on base; Birmingham 5 - Hendersonville 6 |
BOTTOM OF THE 8TH |
Hendersonville Hitmen batting - Pitching for Birmingham Steeldogs : RHP Pete Cook
|
Pitching: RHP David Simpson
|
|
Batting: LHB Jerry Johnston
|
0-0: Ball 1-0: Foul Ball, location: 2F 1-1: Swinging Strike 1-2: Ground out 1-3 (Groundball, 15S)
|
Batting: RHB Robert Buckley
|
0-0: Ball 1-0: Called Strike 1-1: Foul Ball, location: 2F 1-2: Ground out 6-3 (Groundball, 6)
|
Batting: RHB Taylor McFarland
|
0-0: Ball 1-0: Foul Ball, location: 2F 1-1: Ball 2-1: Foul Ball, location: 2F 2-2: Ball 3-2: Base on Balls
|
Pinch Hitting: SHB David Johnstone
|
0-0: Called Strike 0-1: Ball 1-1: Called Strike 1-2: Strikes out swinging
|
Bottom of the 8th over - 0 run(s), 0 hit(s), 0 error(s), 1 left on base; Birmingham 5 - Hendersonville 6 |
TOP OF THE 9TH |
Birmingham Steeldogs batting - Pitching for Hendersonville Hitmen : RHP Héctor Reyes
|
Pitching: LHP Felipe Ramos
|
|
Now in LF: David Johnstone
|
|
Pinch Hitting: RHB Raúl Soto
|
0-0: Ball 1-0: Foul Ball, location: 2F 1-1: Foul Ball, location: 2F 1-2: Foul Ball, location: 2F 1-2: Ball 2-2: Ground out 6-3 (Groundball, 6)
|
Batting: LHB Chris Miller
|
0-0: Called Strike 0-1: Fly out, F6 (Line Drive, 6M)
|
Pinch Hitting: RHB Eric Johnson
|
0-0: Called Strike 0-1: Ball 1-1: Ball 2-1: Ball 3-1: Foul Ball, location: 2F 3-2: SINGLE (Groundball, 56D) (infield hit)
|
Batting: SHB Jesús Ramírez
|
0-0: Ball 1-0: Ball 2-0: Called Strike 2-1: Foul Ball, location: 2F 2-2: Foul Ball, location: 2F 2-2: Fly out, F2 (Popup, 2LF)
|
Top of the 9th over - 0 run(s), 1 hit(s), 0 error(s), 1 left on base; Birmingham 5 - Hendersonville 6 |
|
|